TOP OF THE 1ST |
Mobile BayBears batting - Pitching for Mississippi Braves : LHP Matthew Spurrell
|
Pitching: LHP Matthew Spurrell
|
|
Batting: RHB Edgar Garcia
|
0-0: Called Strike 0-1: Foul Ball, location: 2F 0-2: Foul Ball, location: 2F 0-2: Ball 1-2: Strikes out looking
|
Batting: RHB Chris Bittner
|
0-0: Called Strike 0-1: SINGLE (Groundball, 56D, EV 98.1 MPH)
|
Batting: RHB Marlon Reda
|
0-0: Foul Ball, location: 2F 0-1: Ball 1-1: Ball 2-1: SINGLE (Line Drive, 9LS, EV 104.4 MPH) Chris Bittner to second
|
Batting: LHB Willie Gutierrez
|
0-0: Ball 1-0: Foul Ball, location: 2F 1-1: SINGLE (Groundball, 34D, EV 103.1 MPH) Chris Bittner to third Marlon Reda to second Runner from 3rd tries for Home, SAFE, throw by RF to home
|
Batting: RHB Andy Schuett
|
0-0: Ball 1-0: Ball 2-0: Ball 3-0: Base on Balls Marlon Reda to third Willie Gutierrez to second
|
Batting: RHB Franklin Villanueva
|
0-0: Called Strike 0-1: Called Strike 0-2: Foul Ball, location: 2F 0-2: Ball 1-2: Ball 2-2: Strikes out swinging
|
Batting: RHB Curt Barrett
|
0-0: Called Strike 0-1: Called Strike 0-2: DOUBLE (Groundball, 5L, EV 100.0 MPH) Marlon Reda scores Willie Gutierrez scores Andy Schuett to third
|
Batting: RHB Scott Carr
|
0-0: Foul Ball, location: 2F 0-1: Ground out U3 (Groundball, 34S, EV 88.8 MPH)
|
Top of the 1st over - 3 runs, 4 hits, 0 errors, 2 left on base; Mobile 3 - Mississippi 0 |
BOTTOM OF THE 1ST |
Mississippi Braves batting - Pitching for Mobile BayBears : RHP Adam Silbert
|
Pitching: RHP Adam Silbert
|
|
Batting: RHB Hieronim Rutkowski
|
0-0: Ground out 1-3 (Groundball, 13, EV 63.1 MPH)
|
Batting: RHB Luis Revilla
|
0-0: Ball 1-0: Called Strike 1-1: Foul Ball, location: 2F 1-2: Fly out, F7 (Flyball, 78M, EV 83.8 MPH)
|
Batting: LHB Erik Gretzky
|
0-0: Ball 1-0: Foul Ball, location: 2F 1-1: Ball 2-1: Foul Ball, location: 2F 2-2: Ball 3-2: SINGLE (Line Drive, 6MD, EV 94.4 MPH)
|
Batting: SHB Bob Morales
|
0-0: Ball 1-0: Ball Passed Ball! Erik Gretzky to second 2-0: Called Strike 2-1: Swinging Strike 2-2: Foul Ball, location: 2F 2-2: Foul Ball, location: 2F 2-2: Strikes out looking
|
Bottom of the 1st over - 0 runs, 1 hit, 0 errors, 1 left on base; Mobile 3 - Mississippi 0 |
TOP OF THE 2ND |
Mobile BayBears batting - Pitching for Mississippi Braves : LHP Matthew Spurrell
|
Batting: RHB Yasuo Nakata
|
0-0: Ball 1-0: Swinging Strike 1-1: Foul Ball, location: 2F 1-2: Ball 2-2: Ball 3-2: Fly out, F7 (Flyball, 7S, EV 90.6 MPH)
|
Batting: RHB Edgar Garcia
|
0-0: Ball 1-0: Swinging Strike 1-1: Ball 2-1: Ball 3-1: Foul Ball, location: 2F 3-2: Ground out 6-3 (Groundball, 6, EV 101.9 MPH)
|
Batting: RHB Chris Bittner
|
0-0: Ball 1-0: Ball 2-0: Swinging Strike 2-1: Ball 3-1: Base on Balls
|
Batting: RHB Marlon Reda
|
0-0: Foul Ball, location: 2F 0-1: Ground out U3 (Groundball, 3L, EV 100.0 MPH)
|
Top of the 2nd over - 0 runs, 0 hits, 0 errors, 1 left on base; Mobile 3 - Mississippi 0 |
BOTTOM OF THE 2ND |
Mississippi Braves batting - Pitching for Mobile BayBears : RHP Adam Silbert
|
Batting: LHB Chad Persaud
|
0-0: Swinging Strike 0-1: Swinging Strike 0-2: Strikes out swinging
|
Batting: LHB Oke Monti
|
0-0: Swinging Strike 0-1: Called Strike 0-2: SINGLE (Groundball, 4MD, EV 99.4 MPH)
|
Batting: RHB Edgar Castillo
|
0-0: Ball 1-0: Ball 2-0: Ball 3-0: Called Strike 3-1: Grounds into double play, 5-4-3 (Groundball, 56S, EV 82.5 MPH)
|
Bottom of the 2nd over - 0 runs, 1 hit, 0 errors, 0 left on base; Mobile 3 - Mississippi 0 |
TOP OF THE 3RD |
Mobile BayBears batting - Pitching for Mississippi Braves : LHP Matthew Spurrell
|
Batting: LHB Willie Gutierrez
|
0-0: Ball 1-0: Ball 2-0: Ball 3-0: Called Strike 3-1: TRIPLE (Flyball, 78XD, EV 98.1 MPH)
|
Batting: RHB Andy Schuett
|
0-0: Swinging Strike 0-1: Called Strike 0-2: Strikes out swinging
|
Batting: RHB Franklin Villanueva
|
0-0: Ball 1-0: Ground out 5-3 (Groundball, 56S, EV 69.4 MPH) Willie Gutierrez scores
|
Batting: RHB Curt Barrett
|
0-0: Ball 1-0: SOLO HOME RUN (Flyball, 7LD, EV 91.2 MPH), Distance : 334 ft
|
Pitching: RHP Marvin Velasco
|
|
Batting: RHB Scott Carr
|
0-0: Ball 1-0: Reached on error, E4 (Groundball, 4, EV 108.1 MPH)
|
Batting: RHB Yasuo Nakata
|
0-0: Ball Scott Carr is caught stealing 2nd base 2-4
|
Top of the 3rd over - 2 runs, 2 hits, 1 error, 0 left on base; Mobile 5 - Mississippi 0 |
BOTTOM OF THE 3RD |
Mississippi Braves batting - Pitching for Mobile BayBears : RHP Adam Silbert
|
Batting: RHB Mike Meeker
|
0-0: Ball 1-0: Ball 2-0: Called Strike 2-1: Foul Ball, location: 2F 2-2: Foul Ball, location: 2F 2-2: SINGLE (Groundball, 25, EV 66.9 MPH) (infield hit)
|
Batting: LHB Jon Burgos
|
0-0: Fly out, F6 (Popup, 15S, EV 80.6 MPH)
|
Batting: RHB Hieronim Rutkowski
|
0-0: Ball 1-0: Called Strike Mike Meeker steals 2nd base 1-1: Foul Ball, location: 2F 1-2: Foul Ball, location: 2F 1-2: Foul Ball, location: 2F 1-2: Ball 2-2: Foul Ball, location: 2F 2-2: Ground out U3 (Groundball, 34S, EV 67.5 MPH) Mike Meeker to third
|
Batting: RHB Luis Revilla
|
0-0: Called Strike 0-1: Swinging Strike 0-2: Ball 1-2: Ground out U3 (Groundball, 34, EV 104.4 MPH)
|
Bottom of the 3rd over - 0 runs, 1 hit, 0 errors, 1 left on base; Mobile 5 - Mississippi 0 |
TOP OF THE 4TH |
Mobile BayBears batting - Pitching for Mississippi Braves : RHP Marvin Velasco
|
Batting: RHB Yasuo Nakata
|
0-0: Ball 1-0: Ball 2-0: Foul Ball, location: 2F 2-1: Fly out, F9 (Flyball, 9LM, EV 83.8 MPH)
|
Batting: RHB Edgar Garcia
|
0-0: Ball 1-0: Foul Ball, location: 2F 1-1: Swinging Strike 1-2: Ball 2-2: Strikes out swinging
|
Batting: RHB Chris Bittner
|
0-0: Called Strike 0-1: Ball 1-1: Ball 2-1: Ball 3-1: Base on Balls
|
Batting: RHB Marlon Reda
|
0-0: SINGLE (Line Drive, 56D, EV 98.1 MPH) Chris Bittner to second
|
Batting: LHB Willie Gutierrez
|
0-0: Called Strike 0-1: 3-RUN HOME RUN (Line Drive, 9D, EV 102.5 MPH), Distance : 388 ft
|
Batting: RHB Andy Schuett
|
0-0: Called Strike 0-1: Fly out, F9 (Flyball, 89D, EV 99.4 MPH)
|
Top of the 4th over - 3 runs, 2 hits, 0 errors, 0 left on base; Mobile 8 - Mississippi 0 |
BOTTOM OF THE 4TH |
Mississippi Braves batting - Pitching for Mobile BayBears : RHP Adam Silbert
|
Batting: LHB Erik Gretzky
|
0-0: Ball 1-0: Ball 2-0: Called Strike 2-1: Ball 3-1: Base on Balls
|
Batting: SHB Bob Morales
|
0-0: Called Strike Erik Gretzky steals 2nd base 0-1: Called Strike 0-2: Ball 1-2: Foul Ball, location: 2F 1-2: Strikes out swinging
|
Batting: LHB Chad Persaud
|
0-0: Called Strike Erik Gretzky is caught stealing 3rd base 2-5 0-1: Ball 1-1: Ball 2-1: Swinging Strike 2-2: Ball 3-2: Base on Balls
|
Batting: LHB Oke Monti
|
0-0: Called Strike Chad Persaud steals 2nd base (no throw) 0-1: Swinging Strike 0-2: Ball 1-2: Ball 2-2: Foul Ball, location: 2F 2-2: Ball 3-2: Ground out 4-3 (Groundball, 4, EV 100.0 MPH)
|
Bottom of the 4th over - 0 runs, 0 hits, 0 errors, 1 left on base; Mobile 8 - Mississippi 0 |
TOP OF THE 5TH |
Mobile BayBears batting - Pitching for Mississippi Braves : RHP Marvin Velasco
|
Batting: RHB Franklin Villanueva
|
0-0: Ball 1-0: Foul Ball, location: 2F 1-1: Fly out, F9 (Line Drive, 9S, EV 90.0 MPH)
|
Batting: RHB Curt Barrett
|
0-0: Ball 1-0: Fly out, F9 (Flyball, 9S, EV 90.0 MPH)
|
Batting: RHB Scott Carr
|
0-0: Foul Ball, location: 2F 0-1: Ground out 4-3 (Groundball, 4S, EV 80.0 MPH)
|
Top of the 5th over - 0 runs, 0 hits, 0 errors, 0 left on base; Mobile 8 - Mississippi 0 |
BOTTOM OF THE 5TH |
Mississippi Braves batting - Pitching for Mobile BayBears : RHP Adam Silbert
|
Batting: RHB Edgar Castillo
|
0-0: Ball 1-0: Ball 2-0: Ground out 1-3 (Groundball, P, EV 70.0 MPH)
|
Batting: RHB Mike Meeker
|
0-0: Called Strike 0-1: Ball 1-1: Ball 2-1: Foul Ball, location: 2F 2-2: Foul Ball, location: 2F 2-2: Ball 3-2: Ground out 4-3 (Groundball, 4MD, EV 95.0 MPH)
|
Batting: LHB Jon Burgos
|
0-0: Ball 1-0: Swinging Strike 1-1: Ball 2-1: Ball 3-1: Swinging Strike 3-2: Base on Balls
|
Batting: RHB Hieronim Rutkowski
|
0-0: Ball 1-0: Swinging Strike 1-1: Ground out 6-3 (Groundball, 4MD, EV 102.5 MPH)
|
Bottom of the 5th over - 0 runs, 0 hits, 0 errors, 1 left on base; Mobile 8 - Mississippi 0 |
TOP OF THE 6TH |
Mobile BayBears batting - Pitching for Mississippi Braves : RHP Marvin Velasco
|
Batting: RHB Yasuo Nakata
|
0-0: Called Strike 0-1: Foul Ball, location: 2F 0-2: Ball 1-2: Strikes out swinging
|
Batting: RHB Edgar Garcia
|
0-0: Fly out, F8 (Flyball, 8LD, EV 79.4 MPH)
|
Batting: RHB Chris Bittner
|
0-0: Called Strike 0-1: Foul Ball, location: 2F 0-2: Strikes out looking
|
Top of the 6th over - 0 runs, 0 hits, 0 errors, 0 left on base; Mobile 8 - Mississippi 0 |
BOTTOM OF THE 6TH |
Mississippi Braves batting - Pitching for Mobile BayBears : RHP Adam Silbert
|
Pitching: RHP Manuel Maldonado
|
|
Batting: RHB Luis Revilla
|
0-0: Ball 1-0: Ball 2-0: Ball 3-0: Called Strike 3-1: Base on Balls
|
Batting: LHB Erik Gretzky
|
0-0: Called Strike 0-1: Foul Ball, location: 2F 0-2: Fielders Choice at 2nd, 1-6 (Groundball, 34S, EV 68.1 MPH)
|
Batting: SHB Bob Morales
|
0-0: Foul Ball, location: 2F 0-1: Ball 1-1: Called Strike Erik Gretzky steals 2nd base 1-2: Ball 2-2: SINGLE (Groundball, 56D, EV 104.4 MPH) Erik Gretzky to third Runner from 3rd tries for Home, SAFE, throw by LF to home
|
Batting: LHB Chad Persaud
|
0-0: Ball Bob Morales steals 2nd, throwing error, E2 Bob Morales to third 1-0: Fly out, F8 (Line Drive, 8RXD, EV 103.8 MPH) Runner from 3rd tags up, SCORES, no throw by CF
|
Batting: LHB Oke Monti
|
0-0: Ball 1-0: Ball 2-0: Ball 3-0: Called Strike 3-1: Called Strike 3-2: Ground out 1-3 (Groundball, 13S, EV 67.5 MPH)
|
Bottom of the 6th over - 2 runs, 1 hit, 1 error, 0 left on base; Mobile 8 - Mississippi 2 |
TOP OF THE 7TH |
Mobile BayBears batting - Pitching for Mississippi Braves : RHP Marvin Velasco
|
Pitching: RHP Tade Balder
|
|
Batting: RHB Marlon Reda
|
0-0: Called Strike 0-1: SINGLE (Line Drive, 8LS, EV 96.9 MPH)
|
Batting: LHB Willie Gutierrez
|
0-0: Ball 1-0: Foul Ball, location: 2F 1-1: Foul Ball, location: 2F 1-2: Strikes out looking
|
Batting: RHB Andy Schuett
|
0-0: Ball 1-0: Ball 2-0: Called Strike 2-1: Ball 3-1: Foul Ball, location: 2F 3-2: Strikes out swinging
|
Batting: RHB Franklin Villanueva
|
0-0: Ball 1-0: Ball 2-0: Swinging Strike 2-1: Called Strike 2-2: Foul Ball, location: 2F 2-2: Ball 3-2: Foul Ball, location: 2F 3-2: Base on Balls Marlon Reda to second
|
Batting: RHB Curt Barrett
|
0-0: Called Strike 0-1: Ball 1-1: Ball 2-1: Foul Ball, location: 2F 2-2: Strikes out swinging
|
Top of the 7th over - 0 runs, 1 hit, 0 errors, 2 left on base; Mobile 8 - Mississippi 2 |
BOTTOM OF THE 7TH |
Mississippi Braves batting - Pitching for Mobile BayBears : RHP Manuel Maldonado
|
Batting: RHB Edgar Castillo
|
0-0: Ground out 5-3 (Groundball, 56S, EV 70.0 MPH)
|
Batting: RHB Mike Meeker
|
0-0: Ball 1-0: Swinging Strike 1-1: Called Strike 1-2: Ball 2-2: SINGLE (Groundball, 56D, EV 106.2 MPH)
|
Batting: LHB Jon Burgos
|
0-0: Called Strike Mike Meeker is caught stealing 2nd base 2-6 0-1: SINGLE (Groundball, 34D, EV 96.9 MPH)
|
Batting: RHB Hieronim Rutkowski
|
0-0: Ball Jon Burgos steals 2nd base 1-0: Ball 2-0: Called Strike 2-1: Ball 3-1: Called Strike 3-2: Strikes out looking
|
Bottom of the 7th over - 0 runs, 2 hits, 0 errors, 1 left on base; Mobile 8 - Mississippi 2 |
TOP OF THE 8TH |
Mobile BayBears batting - Pitching for Mississippi Braves : RHP Tade Balder
|
Batting: RHB Scott Carr
|
0-0: Ball 1-0: Ball 2-0: Called Strike 2-1: Foul Ball, location: 2F 2-2: Foul Ball, location: 2F 2-2: Foul Ball, location: 2F 2-2: Strikes out looking
|
Batting: RHB Yasuo Nakata
|
0-0: Ground out 4-3 (Groundball, 4MD, EV 106.9 MPH)
|
Batting: RHB Edgar Garcia
|
0-0: Ball 1-0: Ball 2-0: SINGLE (Groundball, 4D, EV 98.8 MPH)
|
Batting: RHB Chris Bittner
|
0-0: Foul Ball, location: 2F 0-1: Ball 1-1: Called Strike Edgar Garcia steals 2nd base (no throw) 1-2: Foul Ball, location: 2F 1-2: Strikes out swinging
|
Top of the 8th over - 0 runs, 1 hit, 0 errors, 1 left on base; Mobile 8 - Mississippi 2 |
BOTTOM OF THE 8TH |
Mississippi Braves batting - Pitching for Mobile BayBears : RHP Manuel Maldonado
|
Batting: RHB Luis Revilla
|
0-0: Ball 1-0: Swinging Strike 1-1: Foul Ball, location: 2F 1-2: Ball 2-2: Foul Ball, location: 2F 2-2: Fly out, F8 (Flyball, 78S, EV 81.9 MPH)
|
Batting: LHB Erik Gretzky
|
0-0: Swinging Strike 0-1: Ball 1-1: Foul Ball, location: 2F 1-2: Foul Ball, location: 2F 1-2: Foul Ball, location: 2F 1-2: SINGLE (Groundball, 6MD, EV 93.8 MPH)
|
Pitching: RHP Mike Fritz
|
|
Batting: SHB Bob Morales
|
0-0: Ball 1-0: Ball 2-0: Ball 3-0: Called Strike 3-1: Called Strike 3-2: Base on Balls Erik Gretzky to second
|
Batting: LHB Chad Persaud
|
0-0: Called Strike 0-1: Ball 1-1: Ball 2-1: Called Strike 2-2: Ball 3-2: Base on Balls Erik Gretzky to third Bob Morales to second
|
Batting: LHB Oke Monti
|
0-0: Called Strike 0-1: Foul Ball, location: 2F 0-2: Fly out, F5 (Popup, 5F, EV 83.1 MPH)
|
Batting: RHB Edgar Castillo
|
0-0: Called Strike 0-1: Ground out 4-3 (Groundball, 4, EV 90.0 MPH)
|
Bottom of the 8th over - 0 runs, 1 hit, 0 errors, 3 left on base; Mobile 8 - Mississippi 2 |
TOP OF THE 9TH |
Mobile BayBears batting - Pitching for Mississippi Braves : RHP Tade Balder
|
Batting: RHB Marlon Reda
|
0-0: Foul Ball, location: 2F 0-1: Ball 1-1: Ball 2-1: Foul Ball, location: 2F 2-2: Ball 3-2: Strikes out looking
|
Batting: LHB Willie Gutierrez
|
0-0: Foul Ball, location: 2F 0-1: Swinging Strike 0-2: Ground out U3 (Groundball, 3L, EV 85.6 MPH)
|
Batting: RHB Andy Schuett
|
0-0: Swinging Strike 0-1: SINGLE (Groundball, 5D, EV 101.2 MPH)
|
Batting: RHB Franklin Villanueva
|
0-0: Ball 1-0: Ball 2-0: Ball 3-0: Called Strike 3-1: Ground out 4-3 (Groundball, 4, EV 91.2 MPH)
|
Top of the 9th over - 0 runs, 1 hit, 0 errors, 1 left on base; Mobile 8 - Mississippi 2 |
BOTTOM OF THE 9TH |
Mississippi Braves batting - Pitching for Mobile BayBears : RHP Mike Fritz
|
Batting: RHB Mike Meeker
|
0-0: Fly out, F9 (Flyball, 9, EV 93.1 MPH)
|
Batting: LHB Jon Burgos
|
0-0: Ground out 5-3 (Groundball, 56, EV 104.4 MPH)
|
Batting: RHB Hieronim Rutkowski
|
0-0: Ball 1-0: Called Strike 1-1: Foul Ball, location: 2F 1-2: Strikes out swinging
|
Bottom of the 9th over - 0 runs, 0 hits, 0 errors, 0 left on base; Mobile 8 - Mississippi 2 |
|